 Dungeon Crawl Stone Soup version 0.19.3-4-gbf9329e (webtiles) character file.

16469 Mefis the Thaumaturge (level 12, -3/59 HPs)
             Began as a Deep Elf Wizard on Jan 28, 2017.
             Was an Elder of Sif Muna.
             Slain by a polar bear (16 damage)
             ... on level 2 of the Lair of Beasts.
             The game lasted 01:22:34 (19772 turns).

Mefis the Thaumaturge (Deep Elf Wizard)            Turns: 19772, Time: 01:22:35

Health: -3/59      AC:  8    Str:  4    XL:     12   Next: 10%
Magic:  11/30      EV: 17    Int: 33    God:    Sif Muna [****..]
Gold:   282        SH:  0    Dex: 13    Spells: 11 memorised, 0 levels left

rFire  . . .     SeeInvis .     a - +4 rapier (venom)
rCold  . . .     Gourm    .     V - +1 robe {Archmagi}
rNeg   . . .     Faith    +     (no shield)
rPois  .         Spirit   .     M - +0 hat
rElec  .         Reflect  .     H - +2 cloak
rCorr  .         Harm     .     j - +0 pair of gloves
MR     ++...                    c - +0 pair of boots {run}
Stlth  +++.......               J - amulet of faith
                                r - ring of protection from magic
                                Z - +4 ring of intelligence

@: regenerating, repel missiles, quick
A: no striking features
a: Divine Energy, Channel Magic, Forget Spell, Renounce Religion


You were on level 2 of the Lair of Beasts.
You worshipped Sif Muna.
Sif Muna was greatly pleased with you.
You were not hungry.

You visited 3 branches of the dungeon, and saw 16 of its levels.
You also visited: Ice Cave.

You collected 968 gold pieces.
You spent 686 gold pieces at shops.

Inventory:

Hand Weapons
 a - a +4 rapier of venom (weapon)
Missiles
 x - 7 javelins (quivered)
 X - a throwing net
Armour
 c - a +0 pair of boots of running (worn)
 j - a +0 pair of gloves (worn)
 H - a +2 cloak (worn)
 M - a +0 hat (worn)
 V - a +1 robe of the Archmagi (worn)
Magical Staves
 b - an uncursed staff of death
Jewellery
 g - an uncursed ring of fire
 n - an uncursed amulet of magic regeneration {unknown}
 o - an uncursed ring of see invisible
 r - a ring of protection from magic (right hand)
 s - an uncursed ring of flight
 w - an uncursed ring of magical power
 J - an amulet of faith (around neck)
 Z - a +4 ring of intelligence (left hand)
Wands
 e - a wand of heal wounds (1/9)
 p - a wand of iceblast (0/15)
 K - a wand of polymorph (9/24)
Scrolls
 t - 4 scrolls of remove curse
 F - a scroll of blinking
 O - a scroll of fog
Potions
 f - 2 potions of haste
 i - a potion of beneficial mutation {unknown}
 l - a potion of ambrosia {unknown}
 m - a potion of invisibility
 D - 3 potions of brilliance
 G - a potion of might
 N - 3 potions of curing
 P - a potion of cancellation
 T - a potion of heal wounds
 W - 2 potions of agility
Miscellaneous
 h - a disc of storms
Comestibles
 d - 8 bread rations
 k - 2 beef jerkies
 q - 5 chunks of flesh
 u - 3 meat rations
 I - 3 slices of pizza
 U - 3 fruits


   Skills:
 - Level 8.4 Dodging
 - Level 6.4 Stealth
 - Level 12.8 Spellcasting
 - Level 7.0 Conjurations
 - Level 7.5 Hexes
 - Level 1.1 Summonings
 - Level 4.3 Necromancy
 - Level 1.1 Translocations
 - Level 1.9 Transmutations
 * Level 6.0 Ice Magic
 + Level 5.9 Air Magic
 - Level 6.2 Poison Magic
 - Level 5.1 Invocations
 - Level 5.1 Evocations


You couldn't memorise any spells.
You knew the following spells:

 Your Spells              Type           Power        Failure   Level  Hunger
a - Bolt of Cold          Conj/Ice       #######...   24%         6    ####...
b - Call Imp              Summ           #####...     1%          2    None
c - Blink                 Tloc           N/A          1%          2    None
e - Mephitic Cloud        Conj/Pois/Air  #######.     1%          3    None
g - Slow                  Hex            #######.     1%          2    None
i - Repel Missiles        Chrm/Air       ######       1%          2    None
m - Animate Dead          Necr           N/A          3%          4    None
o - Shroud of Golubria    Chrm/Tloc      #####.....   2%          2    None
p - Regeneration          Chrm/Necr      ######....   2%          3    None
w - Metabolic Englaciati  Hex/Ice        #######...   3%          5    None
Q - Irradiate             Conj/Tmut      ######....   12%         5    None


Dungeon Overview and Level Annotations

Branches:
Dungeon (13/15)            Temple (1/1) D:6            Lair (2/6) D:10
    Orc (0/2) D:12
  Swamp: Lair:2-4    Shoals: Lair:2-4     Snake: Lair:2-4    Spider: Lair:2-4
 Vaults: D:13-14

Altars:
Ashenzari
Cheibriados
Dithmenos
Elyvilon
Fedhas
Gozag
Hepliaklqana
Kikubaaqudgha
Makhleb
Nemelex Xobeh
Okawaru
Qazlal
Ru
Sif Muna
Trog
Uskayaw
Vehumet
Xom
Yredelemnul
Zin
The Shining One
Beogh

Shops:
D:4 (   D:6 (!}   D:10 =   D:11 %   D:13 !

Annotations:
D:8 Gastronok
D:12 1 runed door
D:13 Snorg


Message History

Casting: Bolt of Cold
Confirm with . or Enter, or press ? or * to list all spells.
You feel a surge of power!
You blink.
The polar bear bites you!!
* * * LOW HITPOINT WARNING * * *
The polar bear misses you. The polar bear barely misses you.
Found a stone staircase leading down.
Unknown command.
Casting: Blink
Confirm with . or Enter, or press ? or * to list all spells.
You feel a surge of power!
You blink.
The polar bear rages.
Casting: Blink
Confirm with . or Enter, or press ? or * to list all spells.
You feel a surge of power!
You blink.
The polar bear closely misses you. x2
The polar bear claws you.
* * * LOW HITPOINT WARNING * * *
Casting: Blink
Confirm with . or Enter, or press ? or * to list all spells.
You feel a surge of power!
You blink.
The polar bear bites you!
You die...

##......# ..
.......# ..
#......#
#.##......#
.###.#>.....#
............#
............#
.........h@.#
.......§....#
#P..#....§..#
# ..P....[..#
#...........#
#.>#........#
............#
. .##.......#
.. #.......#


You could see a polar bear (berserk).

Vanquished Creatures
  Erica (D:8)
  A death yak (IceCv)
  An unseen horror (D:11)
  An ugly thing (D:13)
  A black mamba (Lair:1)
  A gargoyle (D:13)
  2 rime drakes
  10 polar bears (IceCv)
  A troll (D:10)
  A wolf spider simulacrum (D:12)
  A hornet (D:10)
  A two-headed ogre (D:9)
  2 hippogriffs
  2 wyverns
  Eustachio (D:6)
  A basilisk (D:11)
  9 yaks
  A hungry ghost (D:13)
  Edmund (D:4)
  4 water moccasins
  A sky beast (D:9)
  4 ice beasts
  A black bear (D:10)
  6 orc warriors
  5 ogres
  A necrophage (D:6)
  9 wolves
  2 crocodiles
  8 centaurs
  A big kobold (D:13)
  9 bullfrogs
  Blork the orc (D:6)
  6 scorpions
  A wyvern skeleton (D:9)
  13 killer bees
  3 wights (D:7)
  3 electric eels (Lair:1)
  A quasit (D:8)
  3 bullfrog zombies
  4 crimson imps
  5 bullfrog skeletons
  A gnoll shaman (D:5)
  11 hounds
  3 jellies
  7 orc priests
  15 orc wizards
  2 centaur skeletons
  2 iguanas
  2 hell rats (D:6)
  Ijyb (D:3)
  8 worker ants
  A killer bee zombie (D:5)
  2 hound zombies
  A howler monkey zombie (D:5)
  A hound skeleton (D:5)
  A worker ant zombie (D:5)
  8 adders
  4 gnolls (D:5)
  A howler monkey skeleton (D:9)
  14 river rats
  3 shadow imps
  A white imp (D:12)
  5 adder skeletons
  2 worms
  2 dart slugs
  3 leopard geckos
  77 orcs
  4 goblins
  7 hobgoblins
  10 jackals
  6 kobolds
  6 quokkas
  2 ball pythons
  7 bats
  4 frilled lizards
  A jackal skeleton (D:4)
  2 leopard gecko skeletons
  A leopard gecko zombie (D:5)
  A quokka zombie (D:5)
  36 rats
  A spectral orc (D:6)
396 creatures vanquished.

Vanquished Creatures (collateral kills)
  An ice statue (IceCv)
  A black mamba (Lair:1)
  A polar bear (IceCv)
  Prince Ribbit (D:7)
  3 yaks (IceCv)
  2 water moccasins
  2 wolves (IceCv)
  A centaur (D:10)
  2 killer bees
  An iguana (D:10)
  2 kobolds (D:13)
17 creatures vanquished.

Vanquished Creatures (others)
  2 polar bears (IceCv)
  A hippogriff (D:11)
  2 yaks (IceCv)
  14 wolves (IceCv)
  A spectral weapon (D:6)
20 creatures vanquished.

Grand Total: 433 creatures vanquished

Notes
Turn   | Place    | Note
-------+----------+-------------------------------------------
     0 | D:1      | Mefis the Deep Elf Wizard began the quest for the Orb.
     0 | D:1      | Reached XP level 1. HP: 10/10 MP: 7/7
   147 | D:1      | Reached XP level 2. HP: 15/15 MP: 0/9
   333 | D:1      | Learned a level 2 spell: Call Imp
   336 | D:1      | Learned a level 2 spell: Blink
   339 | D:1      | Learned a level 2 spell: Repel Missiles
   933 | D:2      | Reached skill level 5 in Spellcasting
   933 | D:2      | Reached XP level 3. HP: 16/19 MP: 5/11
  1009 | D:2      | Learned a level 3 spell: Mephitic Cloud
  1928 | D:3      | Noticed Ijyb
  1962 | D:3      | Killed Ijyb
  1962 | D:3      | Reached XP level 4. HP: 16/24 MP: 2/13
  2098 | D:3      | Reached skill level 1 in Poison Magic
  2391 | D:3      | Learned a level 3 spell: Conjure Flame
  2478 | D:4      | Reached skill level 1 in Air Magic
  2607 | D:4      | Got a pitted rapier
  2608 | D:4      | Identified the cursed +1 rapier "Vofiv" {venom, *Slow rElec Int+2 SInv} (You found it on level 4 of the Dungeon)
  2609 | D:4      | Noticed Edmund
  2624 | D:4      | Killed Edmund
  2624 | D:4      | Reached skill level 6 in Spellcasting
  2624 | D:4      | Reached XP level 5. HP: 12/28 MP: 12/15
  2626 | D:4      | Reached XP level 6. HP: 14/32 MP: 13/17
  2818 | D:4      | Learned a level 2 spell: Slow
  3047 | D:4      | Reached skill level 1 in Hexes
  3057 | D:4      | Found Inin's Weapon Boutique.
  3164 | D:4      | Reached XP level 7. HP: 26/36 MP: 5/19
  3515 | D:4      | Reached skill level 7 in Spellcasting
  3696 | D:5      | Entered Level 5 of the Dungeon
  4495 | D:5      | Reached skill level 8 in Spellcasting
  4495 | D:5      | Reached XP level 8. HP: 29/41 MP: 11/22
  4508 | D:5      | Learned a level 3 spell: Regeneration
  4511 | D:5      | Learned a level 2 spell: Shroud of Golubria
  4515 | D:5      | Learned a level 3 spell: Spectral Weapon
  4760 | D:5      | Reached skill level 5 in Dodging
  4760 | D:5      | Reached skill level 5 in Stealth
  5163 | D:6      | Found Mausidet's Distillery.
  5185 | D:6      | Bought a potion of invisibility for 112 gold pieces
  5185 | D:6      | Bought a potion of curing for 42 gold pieces
  5185 | D:6      | Bought a potion of cancellation for 112 gold pieces
  5242 | D:6      | Found a staircase to the Ecumenical Temple.
  5521 | Temple   | Entered the Ecumenical Temple
  5547 | Temple   | Became a worshipper of Sif Muna the Loreminder
  5709 | D:6      | Noticed Blork the orc
  5718 | D:6      | Noticed Eustachio
  5849 | D:6      | Killed Eustachio
  5936 | D:6      | Found Taqucvio's Antique Weapon Shop.
  5942 | D:6      | Reached skill level 9 in Spellcasting
  6001 | D:6      | Killed Blork the orc
  6190 | D:6      | Found Joklul's Gadget Boutique.
  6216 | D:6      | Found a basalt altar of Yredelemnul.
  6543 | D:6      | Reached XP level 9. HP: 45/45 MP: 12/24
  7183 | D:7      | Reached * piety under Sif Muna
  7299 | D:7      | Found a shadowy altar of Dithmenos.
  7358 | D:7      | Reached skill level 5 in Conjurations
  7411 | D:7      | Reached skill level 5 in Hexes
  7893 | D:7      | Reached skill level 10 in Spellcasting
  8190 | D:8      | Noticed Erica
  8206 | D:8      | Killed Erica
  8206 | D:8      | Reached skill level 5 in Poison Magic
  8206 | D:8      | Reached skill level 1 in Invocations
  8206 | D:8      | Reached skill level 1 in Evocations
  8350 | D:8      | Noticed Prince Ribbit
  8402 | D:8      | Reached ** piety under Sif Muna
  8403 | D:8      | Noticed Gastronok
  8940 | D:8      | Reached XP level 10. HP: 32/50 MP: 25/26
  9033 | D:7      | Killed Prince Ribbit
  9680 | D:9      | Found a snail-covered altar of Cheibriados.
  9777 | D:9      | Reached skill level 11 in Spellcasting
 11162 | D:10     | Entered Level 10 of the Dungeon
 11230 | D:10     | Learned a level 5 spell: Metabolic Englaciation
 11757 | D:10     | Reached *** piety under Sif Muna
 11927 | D:10     | Reached skill level 5 in Air Magic
 12120 | D:10     | Learned a level 4 spell: Animate Dead
 12180 | D:10     | Found Cigilale's Jewellery Boutique.
 12253 | D:10     | Found a roughly hewn altar of Beogh.
 12324 | D:10     | Reached skill level 1 in Necromancy
 12324 | D:10     | Reached skill level 1 in Ice Magic
 12559 | D:10     | Found a staircase to the Lair.
 12705 | Lair:1   | Entered Level 1 of the Lair of Beasts
 14199 | D:11     | You fall through a shaft for 2 floors!
 14200 | D:13     | Noticed a tengu warrior
 14209 | D:13     | Noticed a brown ugly thing
 14212 | D:13     | Noticed Snorg
 14213 | D:13     | Found Ylybuf's Distillery.
 14243 | D:12     | Noticed a white ugly thing
 14270 | D:12     | Noticed a cyan ugly thing
 14279 | D:12     | Found a frozen archway.
 14288 | IceCv    | Entered an ice cave
 14313 | IceCv    | Reached XP level 11. HP: 36/54 MP: 22/28
 14329 | IceCv    | Reached **** piety under Sif Muna
 14329 | IceCv    | Reached skill level 12 in Spellcasting
 15505 | IceCv    | Noticed a death yak
 15515 | IceCv    | Killed a death yak
 16020 | IceCv    | Noticed a white draconian
 16043 | IceCv    | Noticed an ice dragon
 16043 | IceCv    | a white draconian changed into an ice dragon
 16439 | D:12     | HP: 2/54 [something (5)]
 16446 | D:12     | HP: 2/54 [something (9)]
 16449 | D:12     | Noticed an unseen horror
 16697 | D:13     | Learned a level 5 spell: Irradiate
 16939 | D:13     | Bought a potion of brilliance for 60 gold pieces
 16939 | D:13     | Bought a potion of degeneration for 15 gold pieces
 16939 | D:13     | Bought a potion of might for 60 gold pieces
 16939 | D:13     | Bought 2 potions of curing for 90 gold pieces
 16939 | D:13     | Bought a potion of heal wounds for 75 gold pieces
 16939 | D:13     | Bought 2 potions of agility for 120 gold pieces
 16967 | D:13     | Noticed a centaur warrior
 17208 | D:13     | Killed a brown ugly thing
 17331 | D:12     | Noticed a hill giant
 17354 | D:13     | Reached skill level 5 in Evocations
 17371 | D:13     | Reached skill level 1 in Transmutations
 17448 | D:13     | Noticed a skeletal warrior
 17705 | D:13     | Noticed a skeletal warrior
 17709 | D:13     | Noticed a deep elf mage
 17711 | D:13     | Noticed a hill giant
 17717 | D:13     | Noticed a skeletal warrior
 17741 | D:12     | Found a runed door.
 17741 | D:12     | Noticed an unseen horror
 17963 | D:11     | Found Quokogie's Food Shop.
 18008 | D:11     | Noticed an unseen horror
 18022 | D:11     | Killed an unseen horror
 18022 | D:11     | Reached skill level 5 in Invocations
 18635 | Lair:1   | Identified a +0 pair of boots of running (You found it on level 1 of the Lair of Beasts)
 18861 | Lair:1   | Reached XP level 12. HP: 59/59 MP: 6/30
 19003 | Lair:1   | Reached skill level 5 in Ice Magic
 19396 | Lair:1   | Reached ***** piety under Sif Muna
 19667 | Lair:1   | Learned a level 6 spell: Bolt of Cold
 19772 | Lair:2   | Slain by a polar bear

Skill      XL: |  1  2  3  4  5  6  7  8  9 10 11 12 |
---------------+-------------------------------------+-----
Spellcasting   | 5 6 8 9 10 11 12 | 12.8
Dodging        | 3 4 5 6 7 8 |  8.4
Stealth        | 3 4 6 |  6.4
Conjurations   | 2 3 4 5 6 7 |  7.0
Poison Magic   | 1 2 3 4 5 6 |  6.2
Air Magic      | 1 2 3 4 5 |  5.9
Hexes          | 1 2 4 5 6 7 |  7.5
Invocations    | 2 4 5 |  5.1
Evocations     | 2 3 5 |  5.1
Necromancy     | 2 4 |  4.3
Ice Magic      | 1 4 6 |  6.0
Transmutations | 1 |  1.9
Summonings     | |  1.1
Translocations | |  1.1

Action                   |  1- 3 |  4- 6 |  7- 9 | 10-12 || total
-------------------------+-------+-------+-------+-------++-------
Melee: Club              |    12 |       |       |       ||    12
       Short sword       |    14 |       |       |       ||    14
       Rapier            |       |    17 |    43 |   234 ||   294
       Dagger            |       |       |    15 |       ||    15
       Whip              |       |       |     1 |       ||     1
 Cast: Magic Dart        |    96 |    64 |   472 |   569 ||  1201
       Repel Missiles    |     1 |       |       |     1 ||     2
       Call Imp          |     2 |       |    14 |    53 ||    69
       Mephitic Cloud    |     1 |     7 |    29 |    81 ||   118
       Blink             |     1 |     1 |     3 |    35 ||    40
       Conjure Flame     |       |     3 |    14 |    39 ||    56
       Spectral Weapon   |       |       |     6 |     3 ||     9
       Slow              |       |       |       |    37 ||    37
       Shroud of Golubri |       |       |       |    20 ||    20
       Regeneration      |       |       |       |    18 ||    18
       Animate Dead      |       |       |       |    22 ||    22
       Irradiate         |       |       |       |     4 ||     4
       Bolt of Cold      |       |       |       |     3 ||     3
Invok: Channel Magic     |       |       |       |     5 ||     5
       Forget Spell      |       |       |       |     3 ||     3
 Abil: Evoke Flight      |       |       |       |     2 ||     2
Evoke: Wand              |       |       |       |    29 ||    29
  Use: Scroll            |       |     4 |     6 |    10 ||    20
       Potion            |       |       |     2 |     8 ||    10
 Stab: Confused          |     2 |     2 |     4 |    16 ||    24
       Sleeping          |       |       |     1 |     1 ||     2
  Eat: Chunk             |     3 |     3 |    13 |    24 ||    43
       Meat ration       |       |       |     1 |     2 ||     3
       Fruit             |       |       |     1 |       ||     1
       Bread ration      |       |       |       |     1 ||     1
Armor: Robe              |    10 |    10 |    51 |   101 ||   172
Dodge: Dodged            |    23 |    11 |   126 |   319 ||   479
       Deflected         |       |       |     3 |     9 ||    12
